 Dungeon Crawl Stone Soup version 0.20.1-1-g8b1a95d (webtiles) character file.

218 letownia2 the Grave Robber (level 5, -2/42 HPs)
             Began as a Deep Dwarf Necromancer on Dec 18, 2017.
             Killed by divine providence
             ... invoked by an orc priest
              (11 damage)
             ... on level 3 of the Dungeon.
             The game lasted 00:05:42 (1367 turns).

letownia2 the Grave Robber (Deep Dwarf Necromancer) Turns: 1367, Time: 00:05:43

Health: -2/42      AC:  3    Str: 11    XL:     5   Next: 63%
Magic:  7/10       EV: 12    Int: 17    God:
Gold:   58         SH:  0    Dex: 13    Spells: 7/11 levels left

rFire    . . .     SeeInvis .   g - +0 whip
rCold    + . .     Gourm    .   (no shield)
rNeg     . . .     Faith    .   i - +0 leather armour
rPois    .         Spirit   .   (no helmet)
rElec    .         Reflect  .   (no cloak)
rCorr    .         Harm     .   (no gloves)
MR       .....                  (no boots)
Stlth    ++........             (no amulet)
Regen    0.0/turn               m - ring of protection from cold
MPRegen  0.2/turn               (no ring)

@: non-regenerating
A: damage resistance, heal wounds, sense surroundings 1, no regeneration
a: Heal Wounds


You were on level 3 of the Dungeon.
You were not hungry.

You visited 2 branches of the dungeon, and saw 5 of its levels.

You collected 58 gold pieces.

Inventory:

Hand Weapons
 g - a +0 whip (weapon)
 j - a +0 war axe
Armour
 f - a +0 buckler
 i - a +0 leather armour (worn)
Jewellery
 m - a ring of protection from cold (left hand)
Scrolls
 a - a scroll of immolation {unknown}
 d - 2 scrolls of identify {unknown}
 e - 2 scrolls of teleportation {unknown}
 k - 2 scrolls of recharging {unknown}
 l - a scroll of remove curse {unknown}
Potions
 o - a potion of cancellation {unknown}
Books
 b - a book of Necromancy

   Spells                             Type                      Level
   a - Pain                           Necromancy                   1
   b - Animate Skeleton               Necromancy                   1
   c - Vampiric Draining              Necromancy                   3
   d - Regeneration                   Charms/Necromancy            3
   e - Animate Dead                   Necromancy                   4
   f - Control Undead                 Necromancy                   4
Comestibles
 c - a bread ration
 h - 8 chunks of flesh
 n - 3 fruits


   Skills:
 - Level 2.1 Dodging
 - Level 2.4 Stealth
 + Level 3.8 Spellcasting
 - Level 6.1 Necromancy


You had 7 spell levels left.
You knew the following spells:

 Your Spells              Type           Power        Failure   Level  Hunger
a - Pain                  Necr           ###.         1%          1    None
v - Vampiric Draining     Necr           ###.......   4%          3    ###....


Dungeon Overview and Level Annotations

Branches:
Dungeon (4/15)             Temple (1/1) D:4

Altars:
Ashenzari
Gozag
Hepliaklqana
Nemelex Xobeh
Okawaru
Qazlal
Ru
Sif Muna
Trog
Uskayaw
Vehumet
Yredelemnul
Zin
The Shining One

Shops:
D:4 (


Innate Abilities, Weirdness & Mutations

You are resistant to damage.
You can heal yourself by infusing magical energy.
You passively map a small area around you.
You do not regenerate.


Message History

A goblin comes into view.
An adder comes into view.
The orc priest shouts!
The orc priest calls down the wrath of Beogh upon you.
Beogh smites you!
Found a coppery potion.
The adder hisses angrily.
Casting: Pain
Confirm with . or Enter, or press ? or * to list all spells.
Aiming: Vampiric Draining
Press: ? - help, Shift-Dir - straight line, f - adder
Aim: an adder The adder is severely wounded.
You feel life coursing into your body. The adder bites you but does no damage.
The adder closely misses you.
The gnoll hits you from afar with a spear!
* * * LOW HITPOINT WARNING * * *
The orc priest invokes the aid of Beogh against you.
Beogh smites you!
You die...

## *#.#* * #.#
############### ##
*#.#########..............
#.#
##.r.g.S@...#.###########
#!###o#########...#
####.#.#### ##### ####
#.........# *#######...
###r###.###.#
*,,.....o..o. #.....g.# *
# #######... #.#r##### * *
* #### #.#.##### * *
.g.g.r..# *


You could see an orc priest, a gnoll, an adder and a rat.

Vanquished Creatures
  A scorpion (D:4)
  A hound (D:4)
  An orc priest (D:3)
  2 orc wizards
  4 adders
  2 leopard geckos (D:2)
  2 orcs (D:3)
  A giant cockroach (D:2)
  A hobgoblin (D:3)
  3 jackals
  A kobold (D:2)
  4 bats
  3 frilled lizards
  A rat (D:2)
27 creatures vanquished.

Notes
Turn   | Place    | Note
-------+----------+-------------------------------------------
     0 | D:1      | letownia2 the Deep Dwarf Necromancer began the quest for the Orb.
     0 | D:1      | Reached XP level 1. HP: 15/15 MP: 3/3
   187 | D:2      | Reached XP level 2. HP: 20/22 MP: 0/5
   414 | D:4      | Noticed a crimson imp
   417 | D:4      | Found a staircase to the Ecumenical Temple.
   421 | D:4      | Reached skill level 5 in Necromancy
   426 | D:4      | Noticed a scorpion
   427 | D:4      | Found Byqas's Antique Weapon Shop.
   474 | D:3      | Reached XP level 3. HP: 15/28 MP: 0/6
   479 | D:3      | Learned a level 3 spell: Vampiric Draining
   679 | D:4      | Killed a scorpion
   679 | D:4      | Reached skill level 6 in Necromancy
   679 | D:4      | Reached XP level 4. HP: 20/36 MP: 0/7
   708 | Temple   | Entered the Ecumenical Temple
   838 | D:4      | Noticed an ogre
   879 | D:4      | Reached XP level 5. HP: 27/42 MP: 1/9
  1367 | D:3      | Killed from afar by an orc priest

Skill      XL: |  1  2  3  4 |
---------------+-------------+-----
Spellcasting   | 2 3 |  3.8
Necromancy     | 5 6 |  6.1
Dodging        | |  2.1
Stealth        | |  2.4

Action                   |  1- 3 |  4- 6 || total
-------------------------+-------+-------++-------
Melee: Whip              |    18 |     4 ||    22
 Cast: Pain              |    31 |     9 ||    40
       Vampiric Draining |     6 |    15 ||    21
 Stab: Sleeping          |       |     1 ||     1
  Eat: Chunk             |       |     4 ||     4
Armor: Robe              |     7 |       ||     7
       Leather armour    |     6 |    12 ||    18
Dodge: Dodged            |    41 |    17 ||    58
